Construct Infanterie Kompanie
Construct Panzergrenadier Kompanie
Pak 40 Anti-tank Gun Team
Panzergrenadier Officer Quarters
Nebelwerfer 42 Rocket Launcher Team
Selects Luftwaffe Battlegroup
Selects Stuka Strafing Run
Selects Fallschirmjäger Squad Paradrop
Selects Fragmentation Bombs
Fallschirmjäger Squad Paradrop
Selects Luftwaffe Pioneer Support
Selects LG40 Recoilless Gun Paradrop
Fallschirmpioneer Squad Paradrop
Construct Panzer Kompanie
Selects Infantry Reserves
Fallschirmjäger Squad Paradrop
Fallschirmpioneer Squad Paradrop
Fallschirmpioneer Squad Paradrop
Fallschirmpioneer Squad Paradrop